 Dungeon Crawl Stone Soup version 0.24-a0-157-g36218c0 (webtiles) character file.

Game seed: 9415104798335919745

1 MatthieuS the Sneak (level 1, -1/12 HPs)
             Began as a Deep Elf Wanderer on Mar 4, 2019.
             Slain by a kobold (4 damage)
             ... on level 1 of the Dungeon.
             The game lasted 00:00:52 (63 turns).

MatthieuS the Sneak (Deep Elf Wanderer)               Turns: 63, Time: 00:00:52

Health: -1/12      AC:  2    Str:  8    XL:     1   Next: 16%
Magic:  3/3        EV: 11    Int: 15    God:
Gold:   41         SH:  0    Dex: 16    Spells: 0/0 levels left

rFire    . . .     SeeInvis .   a - +2 falchion
rCold    . . .     Gourm    .   (no shield)
rNeg     . . .     Faith    .   c - +0 robe
rPois    .         Spirit   .   (no helmet)
rElec    .         Reflect  .   (no cloak)
rCorr    .         Harm     .   (no gloves)
MR       .....                  (no boots)
Stlth    +++.......             (no amulet)
HPRegen  0.04/turn              (no ring)
MPRegen  0.08/turn              (no ring)

@: no status effects
A: no striking features
a: no special abilities


You were on level 1 of the Dungeon.
You were not hungry.

You visited 1 branch of the dungeon, and saw 1 of its levels.

You collected 41 gold pieces.

Inventory:

Hand Weapons
 a - a +2 falchion (weapon)
 d - a +0 dagger
Armour
 c - a +0 robe (worn)
Scrolls
 b - a scroll of teleportation {@r4}
Potions
 f - a potion of mutation {unknown}
Comestibles
 e - a ration
 g - 4 chunks of flesh


   Skills:
 + Level 1.6 Fighting
 + Level 1.0 Long Blades
 - Level 1.0 Throwing
 + Level 3.6 Stealth
   Level 3.0 Charms
   Level 1.2 Necromancy


You couldn't memorise any spells.
You didn't know any spells.
Your spell library was empty.

Dungeon Overview and Level Annotations

Branches:
Dungeon (1/15)

Altars:


Message History

e - a ration Welcome, MatthieuS the Deep Elf Wanderer.
Will you prevail where others failed? Will you find the Orb of Zot?
Found a purple potion and 15 gold pieces.
Found a staircase leading out of the dungeon.
You begin with the following items: a +2 falchion, a scroll of teleportation {@r4}, a +0 robe, a +0 dagger, a ration.
Your library has no spells.
You now have 15 gold pieces.
f - a purple potion
Found 18 gold pieces.
Found 8 gold pieces.
You now have 33 gold pieces (gained 18).
A hobgoblin comes into view. It is wielding a +0 club.
A hobgoblin is nearby!
The hobgoblin shouts!
You see here 8 gold pieces.
You now have 41 gold pieces (gained 8).
You hit the hobgoblin.
You kill the hobgoblin!
No target in view!
Things that are here:
a +0 club; a hobgoblin corpse You butcher the hobgoblin corpse.
A kobold comes into view.
Things that are here:
a +0 club; 4 chunks of flesh; a hobgoblin skeleton
g - 4 chunks of flesh A kobold is nearby!
A hobgoblin comes into view.
The hobgoblin shouts!
A giant cockroach comes into view.
The kobold hits you.
The giant cockroach moves out of view.
You hit the kobold.
A rat comes into view.
The kobold closely misses you.
You barely miss the kobold. The kobold hits you.
You hit the kobold. The kobold misses you. The hobgoblin hits you.
* * * LOW HITPOINT WARNING * * *
Things that are here:
a +0 club; a hobgoblin skeleton You are too injured to fight recklessly!
You are too injured to fight recklessly!
You hit the kobold but do no damage. The kobold hits you.
* * * LOW HITPOINT WARNING * * *
The kobold closely misses you.
You barely miss the kobold. The kobold hits you.
You die...

........##....##
#####.###..##.....#
#.......#..##.....##
#.......#..##......#
#..........##......# #
#...<...#..##......####
#..#.......#..##..........#
#..........#..##.....####.#
#..#.......#..@Kr.##.# #.
#.......#..##g.##.# #
###.#####..##..##.# ..
....##..##.# ... .....##..#
.# #### #.######..#
###.######).# ............#
............#


You could see a hobgoblin, a kobold and a rat.

Vanquished Creatures
  A hobgoblin (D:1)
1 creature vanquished.

Notes
Turn   | Place    | Note
-------+----------+-------------------------------------------
     0 | D:1      | MatthieuS the Deep Elf Wanderer began the quest for the
                  | Orb.
     0 | D:1      | MatthieuS set off with the following items: a +2 falchion,
                  | a scroll of teleportation {@r4}, a +0 robe, a +0 dagger, a
                  | ration
     0 | D:1      | Reached XP level 1. HP: 12/12 MP: 3/3
    63 | D:1      | Slain by a kobold

Levels and vault maps discovered:
D:1:      lemuel_arrival_room, layout_rooms

Action                   || total
-------------------------++-------
Melee: Falchion          ||     6
Dodge: Dodged            ||     3

Table legend:
 A = Non-vault XP
 B = Vault XP
 C = Vault XP percentage of total XP
 D = Non-vault monster count
 E = Vault monster count
 F = Vault count percentage of total count
                 A         B        C        D         E       F
            +---------+---------+-------+---------+---------+-------
      Total |       2 |       0 |   0.0 |       1 |       0 |   0.0
            +---------+---------+-------+---------+---------+-------
        D:1 |       2 |       0 |   0.0 |       1 |       0 |   0.0
            +---------+---------+-------+---------+---------+-------
